 Dungeon Crawl Stone Soup version 0.29.1-14-g9c671dbff4 (webtiles) character file.

Game seed: 3556151314182294639

1 Descartes the Sneak (level 1, -2/9 (10) HPs)
             Began as a Felid Delver on Feb 17, 2023.
             Slain by a necrophage (5 damage)
             ... on level 4 of the Dungeon.
             The game lasted 00:00:45 (105 turns).

Descartes the Sneak (Felid Delver)                   Turns: 105, Time: 00:00:46

HP:   -2/9 (10)     AC:  1    Str:  8    XL:     1   Next: 16%
MP:   2/2           EV: 17    Int: 11    God:
Gold: 17            SH:  0    Dex: 17    Spells: 0/0 levels left
                                        Lives: 0   Deaths: 0

rFire   . . .      SeeInvis +     - Unarmed
rCold   . . .      Faith    .   (shield unavailable)
rNeg    . . .      Spirit   .   (body armour unavailable)
rPois   .          Reflect  .   (helmet unavailable)
rElec   .          Harm     .   (cloak unavailable)
rCorr   .          Rampage  .   (gloves unavailable)
Will    .....                   (boots unavailable)
Stlth   +++.......              (no amulet)
HPRegen 0.03/turn               (no ring)
MPRegen 0.08/turn               (no ring)

@: heavily drained, quick
A: very small, claws 1, fangs 3, see invisible, speed 1, shaggy fur 1, stealthy
paws, no weapons or thrown items, no armour, multi-lived
a: no special abilities


You were on level 4 of the Dungeon.
You visited 1 branch of the dungeon, and saw 2 of its levels.

You collected 17 gold pieces.

Inventory:

Wands
 e - a wand of digging (3)
Scrolls
 a - a scroll of fog
 c - a scroll of fear
Potions
 d - a potion of haste


   Skills:
 - Level 3.0 Fighting
 + Level 2.7 Dodging
 + Level 6.6 Stealth
 + Level 2.0 Unarmed Combat


You couldn't memorise any spells.
You didn't know any spells.
Your spell library contained the following spells:

 Spells                   Type           Power      Damage    Failure   Level
 Magic Dart               Conj           0%         1d3       34%         1
 Shock                    Conj/Air       0%         1d3       34%         1
 Searing Ray              Conj           0%         2d4       47%         2
 Swiftness                Air            0%         N/A       71%         3
 Airstrike                Air            0%         2d(0-16)  98%         4
 Fulminant Prism          Conj/Hex       0%         3d6       98%         4


Dungeon Overview and Level Annotations

Branches:
Dungeon (5/15)
 Temple: D:4-7

Altars:


Innate Abilities, Weirdness & Mutations

You have sharp claws.
You have razor-sharp teeth.
You have supernaturally acute eyesight. (SInv)
You cover ground quickly. (Speed+)
You are covered in fur. (AC +1)
Your paws help you pounce on unaware monsters.
You are incapable of wielding weapons or throwing items.
You cannot wear armour.
You gain extra lives every three experience levels.


Message History

A necrophage comes into view.
The necrophage hits you.
You scratch the necrophage.
The necrophage is lightly damaged.
The necrophage closely misses you.
You closely miss the necrophage.
You bite the necrophage, but do no damage.
The necrophage is lightly damaged.
The necrophage completely misses you.
You closely miss the necrophage. You bite the necrophage.
The necrophage is moderately damaged.
The necrophage barely misses you.
You scratch the necrophage. You bite the necrophage.
The necrophage is heavily damaged.
You scratch the necrophage but do no damage.
Your bite misses the necrophage.
The necrophage is heavily damaged.
The necrophage misses you.
You closely miss the necrophage.
The necrophage is heavily damaged.
The necrophage barely misses you.
You scratch the necrophage.
The necrophage is heavily damaged.
The necrophage completely misses you.
You closely miss the necrophage.
You claw the necrophage, but do no damage.
The necrophage is heavily damaged.
The necrophage misses you.
Unknown command.
You scratch the necrophage.
The necrophage is severely damaged.
The necrophage closely misses you.
You barely miss the necrophage.
The necrophage is severely damaged.
The necrophage hits you.
You feel drained.
You scratch the necrophage. You bite the necrophage.
The necrophage is almost destroyed.
The necrophage hits you.
Ouch! That really hurt!
You die...

,,,,*~~*,,,,*.##.** #.#.#***
*,,**~~**,,**,....########.#.####
*,,*~~~~*,,**,#..,...............
,,,*~~~~*,,,,,#..**#.###.#.......
,,,**~~**,,**##..###.......#.####
,,,,*~~*,,,###...................
**,**++**,,......................
*,,*~~∩~*.########...............
+,,******......n@........>.......
*,,,,,,,,.##########.####.....).#
,,,,,,,,,,,,,* #.# #..#.[.##
***,,,,,,,,,,* **#.#**#..#...#*
*,,,,,,,,,,*****,...,....+.....
*,,,,,,,,,,**,,,,,,####.##...##
***,,,,,,,,****,,,,,,** #.##...#*
,**,,,,,,,,* *,,,,,,,* #.######*
,**,,,,,,,,* *,,,,,,,***,* *


You could see a necrophage.

Vanquished Creatures
  A goblin (D:4)
1 creature vanquished.

Notes
Turn   | Place    | Note
-------+----------+-------------------------------------------
     0 | D:5      | Descartes the Felid Delver began the quest for the Orb.
     0 | D:5      | Reached XP level 1. HP: 10/10 MP: 2/2
    51 | D:5      | Noticed a necrophage
    86 | D:4      | Noticed a necrophage
   105 | D:4      | Slain by a necrophage

Illustrated notes

Levels and vault maps discovered:
D:4:      layout_basic, serial_rivers, chequers_serial_rivers_micro_b,
          chequers_serial_rivers_small_a, chequers_serial_rivers_room_a,
          chequers_serial_rivers_micro_c, gup_sewer_entry_bowl,
          minmay_snake_closets, uniq_pikel
D:5:      layout_gridville, serial_shops, nicolae_shop_advertising_works
          [nicolae_subvault_shop_adworks]

Action                   || total
-------------------------++-------
Melee: Unarmed           ||    12
       Bite              ||     4
       Punch             ||     1
  Use: Scroll            ||     1
Dodge: Dodged            ||     8
